 Dungeon Crawl Stone Soup version 0.23-a0-539-g3f6f39f (webtiles) character file.

67 Amnesiac the Vexing (level 3, 4/16 HPs)
             Began as a Spriggan Enchanter on Dec 7, 2018.
             Quit the game on level 2 of the Dungeon.
             The game lasted 00:06:52 (2299 turns).

Amnesiac the Vexing (Spriggan Enchanter)            Turns: 2299, Time: 00:06:53

Health: 4/16       AC:  2    Str:  5    XL:     3   Next: 98%
Magic:  0/8        EV: 18    Int: 16    God:
Gold:   49         SH:  0    Dex: 16    Spells: 1/8 levels left

rFire    . . .     SeeInvis +   a - +1 dagger
rCold    . . .     Gourm    .   (shield restricted)
rNeg     . . .     Faith    .   c - +0 robe
rPois    .         Spirit   .   (helmet restricted)
rElec    .         Reflect  .   (no cloak)
rCorr    .         Harm     .   (gloves unavailable)
MR       .....                  (boots unavailable)
Stlth    +++.......             e - amulet of rage
HPRegen  0.05/turn              (no ring)
MPRegen  0.11/turn              (no ring)

@: very slightly contaminated, very quick
A: very small, unfitting armour, see invisible, herbivore, speed 3, slow
metabolism 2
a: Evoke Berserk Rage


You were on level 2 of the Dungeon.
You were not hungry.

You visited 1 branch of the dungeon, and saw 2 of its levels.

You collected 49 gold pieces.

Inventory:

Hand Weapons
 a - a +1 dagger (weapon)
 b - a +0 hunting sling of freezing
Armour
 c - a +0 robe (worn)
Jewellery
 e - an amulet of rage (around neck)
Scrolls
 d - a scroll of remove curse {!r, unknown}
 f - 3 scrolls of identify {!r, unknown}
 i - a scroll of immolation {!r, unknown}
 j - a scroll of enchant armour {!r, unknown}
Potions
 h - a potion of might {!q, unknown}
 k - a potion of heal wounds {!q, unknown}


   Skills:
 - Level 1.1 Short Blades
 + Level 1.6 Throwing
 - Level 3.0 Dodging
 - Level 4.4 Stealth
 + Level 3.4 Spellcasting
 * Level 4.9 Hexes


You had one spell level left.
You knew the following spells:

 Your Spells              Type           Power        Failure   Level  Hunger
a - Corona                Hex            ###....      2%          1    None
e - Confuse               Hex            ###.....     7%          3    ###....
w - Tukima's Dance        Hex            ###.....     7%          3    ###....

Your spell library contained the following spells:

 Spells                   Type           Power        Failure   Level  Hunger
 Ensorcelled Hibernation  Hex/Ice        ##....       10%         2    ##.....
 Dazzling Spray           Conj/Hex       ##....       19%         3    ###....


Dungeon Overview and Level Annotations

Branches:
Dungeon (2/15)

Altars:


Innate Abilities, Weirdness & Mutations

You are very small and have problems with some larger weapons.
You are too small for most types of armour.
You have supernaturally acute eyesight. (SInv)
You are a herbivore.
You cover ground extremely quickly.
You need to consume almost no food.


Message History

Firing (i - inventory)
g - 2 stones (quivered)
Press: ? - help, Shift-Dir - straight line, f/p - adder
Aim: an adder (softly glowing)
You shoot a stone. The stone barely misses the adder.
Firing (i - inventory)
g - a stone (quivered)
Press: ? - help, Shift-Dir - straight line, f/p - adder
Aim: an adder (softly glowing)
You shoot a stone. The stone barely misses the adder.
The adder bites you.
Your +0 hunting sling of freezing stops glowing.
a - a +1 dagger (weapon)
The adder misses you.
You hit the adder.
The adder is lightly wounded.
The adder bites you.
You hit the adder but do no damage.
The adder is lightly wounded.
The adder misses you.
You hit the adder.
The adder is moderately wounded.
The adder misses you. The adder barely misses you.
You hit the adder but do no damage.
The adder is moderately wounded.
The adder barely misses you.
You completely miss the adder.
The adder is moderately wounded.
The adder misses you.
You barely miss the adder.
The adder is moderately wounded.
The adder bites you.
* * * LOW HITPOINT WARNING * * *
The adder stops glowing.
Casting: Corona (safe; 2% risk of failure)
Confirm with . or Enter, or press ? or * to list all spells.
Aiming: Confuse (safe; 7% risk of failure)
Press: ? - help, Shift-Dir - straight line, f/p - adder
Aim: an adder (moderately wounded, chance to defeat MR: 57%)
You miscast Confuse.
You are very lightly contaminated with residual magic.
You feel a bit tired. The adder closely misses you.
Unknown command.
Casting: Confuse (safe; 7% risk of failure)
Confirm with . or Enter, or press ? or * to list all spells.
Aiming: Confuse (safe; 7% risk of failure)
Press: ? - help, Shift-Dir - straight line, f/p - adder
Aim: an adder (moderately wounded, chance to defeat MR: 57%)
The adder resists with significant effort.
The adder bites you.
* * * LOW HITPOINT WARNING * * *
Unknown command.
Casting: Confuse (safe; 7% risk of failure)
Confirm with . or Enter, or press ? or * to list all spells.
You don't have enough magic to cast that spell.
You see here a +0 club.
Casting: Confuse (safe; 7% risk of failure)
Confirm with . or Enter, or press ? or * to list all spells.
Aiming: Confuse (safe; 7% risk of failure)
Press: ? - help, Shift-Dir - straight line, f/p - adder
Aim: an adder (moderately wounded, chance to defeat MR: 57%)
The adder resists with significant effort.
Casting: Confuse (safe; 7% risk of failure)
Confirm with . or Enter, or press ? or * to list all spells.
You don't have enough magic to cast that spell.
You see here a short sword.
Are you sure you want to abandon this character and quit the game? (Confirm

# ########...
######......[.#
#..).S....#
#.####.##.# #.#
#.##@# #S#
#....# #.#
###.<#
##.######..#
#......##..#
#..###.##..#
#..# #.##..#
#..# #.##..#
#..# #.##..#


There were no monsters in sight!

Vanquished Creatures
  An adder (D:2)
  3 oozes
  A worm (D:2)
  3 dart slugs
  8 goblins
  4 hobgoblins
  2 jackals (D:1)
  4 kobolds (D:1)
  5 bats
  3 frilled lizards (D:1)
  6 rats (D:1)
40 creatures vanquished.

Notes
Turn   | Place    | Note
-------+----------+-------------------------------------------
     0 | D:1      | Amnesiac the Spriggan Enchanter began the quest for the
                  | Orb.
     0 | D:1      | Reached XP level 1. HP: 9/9 MP: 5/5
   454 | D:1      | Reached XP level 2. HP: 10/13 MP: 6/6
  1049 | D:1      | Reached skill level 1 in Throwing
  1423 | D:1      | Reached XP level 3. HP: 8/16 MP: 5/8
  1428 | D:1      | Learned a level 3 spell: Confuse
  1432 | D:1      | Learned a level 3 spell: Tukima's Dance
  2299 | D:2      | Quit the game

Vault maps used:
D:1:      onia_arrival_mini_maze, kennysheep_decorative_pillar,
          hangedman_feature_mirror
D:2:      kennysheep_generic_room_15, uniq_terence

Skill      XL: |  1  2 |
---------------+-------+-----
Hexes          | 4 |  4.9
Spellcasting   | 3 |  3.4
Throwing       | 1 |  1.6
Short Blades   | |  1.1
Dodging        | |  3.0
Stealth        | |  4.4

Action                   || total
-------------------------++-------
Melee: Dagger            ||   122
 Fire: Hunting sling     ||    77
 Cast: Corona            ||    21
       Confuse           ||     4
  Use: Potion            ||     1
 Stab: Sleeping          ||     5
       Confused          ||     1
  Eat: Ration            ||     1
Armor: Robe              ||    12
Dodge: Dodged            ||   154

Table legend:
 A = Non-vault XP
 B = Vault XP
 C = Vault XP percentage of total XP
 D = Non-vault monster count
 E = Vault monster count
 F = Vault count percentage of total count
                 A         B        C        D         E       F
            +---------+---------+-------+---------+---------+-------
      Total |      84 |      12 |  12.5 |      34 |       6 |  15.0
            +---------+---------+-------+---------+---------+-------
        D:1 |      45 |       7 |  13.5 |      25 |       5 |  16.7
        D:2 |      39 |       5 |  11.4 |       9 |       1 |  10.0
            +---------+---------+-------+---------+---------+-------
